 Dungeon Crawl Stone Soup version 0.27-a0-1500-g450c7e4133 (webtiles) character file.

Game seed: 594388431126497603

91 lunkers the Insei (level 4, -5/33 HPs)
             Began as a Djinni Warper on July 7, 2021.
             Slain by Natasha (8 damage)
             ... on level 3 of the Dungeon.
             The game lasted 00:05:37 (3009 turns).

lunkers the Insei (Djinni Warper)                   Turns: 3009, Time: 00:05:38

Health: -5/33      AC:  4    Str: 10    XL:     4   Next: 88%
Gold:   67         EV: 11    Int: 16    God:
                   SH:  0    Dex: 12

rFire    + + .     SeeInvis .     - Unarmed
rCold    x . .     Faith    .   (no shield)
rNeg     . . .     Spirit   .   a - +0 leather armour
rPois    ∞         Reflect  .   (helmet currently unavailable)
rElec    .         Harm     .   f - +0 cloak
rCorr    .         Rampage  .   (no gloves)
Will     .....                  (boots unavailable)
Stlth    +.........             (no amulet)
HPRegen  0.11/turn              (no ring)
MPRegen  0.00/turn              (no ring)

@: appendages, flying
A: horns 2, flying, sickness immunity, fire resistance 2, cold vulnerability 1,
float, innate caster, hp casting, extra vitality 1
a: End Transformation


You were on level 3 of the Dungeon.
You had temporarily grown beastly horns.
You visited 1 branch of the dungeon, and saw 3 of its levels.

You collected 67 gold pieces.

Inventory:

Missiles
 c - 5 boomerangs of dispersal
Armour
 a - a +0 leather armour (worn)
 f - a +0 cloak (worn)
Jewellery
 p - a ring of positive energy
Scrolls
 b - a scroll of blinking
 e - 2 scrolls of identify {unknown}
 h - a scroll of vulnerability {unknown}
 i - a scroll of amnesia {unknown}
 j - 2 scrolls of immolation {unknown}
 m - a scroll of enchant armour {unknown}
 o - a scroll of teleportation {unknown}
 q - a scroll of acquirement {unknown}
Potions
 d - a potion of brilliance {unknown}
 g - a potion of resistance {unknown}
 k - a potion of magic {unknown}
 l - a potion of heal wounds {unknown}
 n - a potion of lignification {unknown}


   Skills:
 - Level 2.0 Fighting
 - Level 0.7 Throwing
 - Level 1.0 Armour
 - Level 2.1 Dodging
 * Level 4.0 Unarmed Combat
 + Level 3.0 Spellcasting


You couldn't memorise any spells.
You knew the following spells:

 Your Spells              Type           Power      Damage    Failure   Level
b - Lesser Beckoning      Tloc           6%         N/A       22%         3
c - Gell's Gravitas       Tloc           6%         N/A       22%         3
d - Teleport Other        Tloc           12%        N/A       22%         3
e - Manifold Assault      Tloc           12%        N/A       90%         5
f - Beastly Appendage     Tmut           24%        N/A       8%          1
p - Blink                 Tloc           N/A        N/A       11%         2
Your spell library was empty.

Dungeon Overview and Level Annotations

Branches:
Dungeon (3/15)

Altars:

Shops:
D:2 [

Annotations:
D:3 Natasha


Innate Abilities, Weirdness & Mutations

You have temporarily grown beastly horns.
You are flying.
You are immune to sickness and miasma.
You are immune to poison.
Your flesh is very heat resistant. (rF++)
You are vulnerable to cold. (rC-)
You float through the air rather than walking.
You learn spells naturally, not from books.
Your magical power is your life essence.
You have superior vitality. (+4 HP)


Message History

* * * LOW HITPOINT WARNING * * *
You punch Natasha! Your headbutt misses Natasha.
Natasha is almost dead.
The quokka closely misses you. Natasha claws you but does no damage.
Unknown command.
You closely miss Natasha.
Natasha is almost dead.
The quokka barely misses you.
Natasha stares at you and mumbles some strange words.
The magic dart hits you.
* * * LOW HITPOINT WARNING * * *
The quokka closely misses you.
You hit Natasha.
Natasha is almost dead.
Your horns disappear.
The quokka bites you but does no damage.
Unknown command.
Casting: Beastly Appendage (safe; 8% risk of failure)
Confirm with . or Enter, or press ? or * to list all spells.
You grow a pair of large bovine horns.
* * * LOW HITPOINT WARNING * * *
Natasha stares at you and mumbles some strange words.
The magic dart hits you.
* * * LOW HITPOINT WARNING * * *
The quokka bites you.
* * * LOW HITPOINT WARNING * * *
You aren't carrying any items that you can evoke.
Unknown command.
Natasha stares at you and mumbles some strange words.
You resist with some effort.
You see here 19 stones.
Natasha howls an incantation.
You feel disoriented.
Natasha casts a spell.
The quokka bites you.
* * * LOW HITPOINT WARNING * * *
You closely miss Natasha.
Natasha is almost dead.
Natasha claws you!
You die...

#....##.....#
#))..##.....#
#....##.....#
#....##.....# #..
#....##..... ...
#.........## ..#
#.....#....# o.#
##.....#.#.†### ..#
#.....##.#.5@r## ..#
#..(...#.##..h.##o.#
#...#.##.####...oo.#
#...#....# ##.###.#
#...###### #.# #
#... #.# #... ..#
#... ###


You could see Natasha, a white imp (summoned), 2 orcs and a quokka.

Vanquished Creatures
  3 adders
  2 worms (D:2)
  A dart slug (D:1)
  An orc (D:3)
  4 ball pythons
  2 endoplasms
  2 giant cockroaches (D:1)
  6 goblins
  7 hobgoblins
  3 jackals (D:1)
  A kobold (D:2)
  4 quokkas
  6 bats
  3 frilled lizards (D:1)
  8 rats
53 creatures vanquished.

Notes
Turn   | Place    | Note
-------+----------+-------------------------------------------
     0 | D:1      | lunkers the Djinni Warper began the quest for the Orb.
     0 | D:1      | Reached XP level 1. HP: 18/18 MP: 0/0
   188 | D:1      | Reached XP level 2. HP: 23/23 MP: 0/0
   296 | D:1      | Found a faded altar of an unknown god.
   606 | D:1      | Reached XP level 3. HP: 28/28 MP: 0/0
   606 | D:1      | Learned a level 1 spell: Beastly Appendage
   681 | D:1      | Reached skill level 3 in Unarmed Combat
  1833 | D:2      | Reached XP level 4. HP: 11/33 MP: 0/0
  2372 | D:2      | Found Woahysim's Antique Armour Shoppe.
  2939 | D:3      | Reached skill level 4 in Unarmed Combat
  2996 | D:3      | Noticed Natasha
  3009 | D:3      | Slain by Natasha

Illustrated notes

Levels and vault maps discovered:
D:1:      nagdon_arrival_zigzag_paths, layout_basic,
          ebering_ecumenical_altar_webs, supply_closet_lemuel,
          chequers_serial_rivers_micro_a, serial_bayou_lagoon_a,
          minmay_misc_feat_iff, minmay_cut_off
D:2:      layout_basic, serial_shops, nicolae_shop_crystal
D:3:      layout_basic, uniq_natasha

Skill      XL: |  1  2  3  4 |
---------------+-------------+-----
Unarmed Combat | 3 4 |  4.0
Spellcasting   | 3 |  3.0
Fighting       | |  2.0
Throwing       | |  0.7
Armour         | |  1.0
Dodging        | |  2.1

Action                   |  1- 3 |  4- 6 || total
-------------------------+-------+-------++-------
Melee: Unarmed           |   145 |    83 ||   228
       Punch             |     2 |       ||     2
       Headbutt          |     6 |     7 ||    13
 Cast: Beastly Appendage |    10 |    15 ||    25
       Blink             |     1 |       ||     1
Armor: Leather armour    |    37 |    24 ||    61
Dodge: Dodged            |    73 |    59 ||   132

Table legend: (Time is in decaauts)
 A = Elapsed time spent in this place.
 B = Non-inter-level travel time spent in this place.
 C = Inter-level travel time spent in this place.
 D = Time resting spent in this place.
 E = Time spent auto-exploring this place.
 F = Levels seen in this place.
 G = Mean time per level.
                   A        B        C        D        E       F      G
               +--------+--------+--------+--------+--------+-----+--------+
         Total |   2996 |   2938 |     58 |    161 |   2322 |   3 |  998.7 |
       Dungeon |   2996 |   2938 |     58 |    161 |   2322 |   3 |  998.7 |
               +--------+--------+--------+--------+--------+-----+--------+

Top non-repeatable levels by time:
     D:1: 1385 daAuts
     D:2: 1309 daAuts
     D:3: 301 daAuts
